 Dungeon Crawl Stone Soup version 0.22-a0-299-g43f9854 (webtiles) character file.

23969 nikopol the Eclecticist (level 12, 0/60 HPs)
             Began as a Deep Elf Fire Elementalist on Mar 24, 2018.
             Was an Elder of Vehumet.
             Succumbed to a queen ant's poison
             ... on level 3 of the Lair of Beasts on Mar 25, 2018.
             The game lasted 01:12:45 (16597 turns).

nikopol the Eclecticist (DEFE)                     Turns: 16597, Time: 01:12:46

Health: 0/60       AC:  8    Str:  5    XL:     12   Next: 76%
Magic:  18/33      EV: 17    Int: 26    God:    Vehumet [****..]
Gold:   845        SH:  0    Dex: 19    Spells: 23/42 levels left

rFire    + . .     SeeInvis +   x - +2 dagger (venom)
rCold    . . .     Gourm    .   (no shield)
rNeg     + . .     Faith    .   n - +1 robe {rF+}
rPois    .         Spirit   .   I - +2 hat {SInv}
rElec    .         Reflect  .   v - +1 cloak
rCorr    .         Harm     .   K - +0 pair of gloves
MR       +....                  (no boots)
Stlth    +++.......             (no amulet)
HPRegen  0.20/turn              j - +4 ring of dexterity
MPRegen  0.23/turn              N - ring of positive energy

@: lethally poisoned (0 -> -70)
A: no striking features
a: Renounce Religion


You were on level 3 of the Lair of Beasts.
You worshipped Vehumet.
Vehumet was greatly pleased with you.
You were not hungry.

You visited 3 branches of the dungeon, and saw 14 of its levels.

You collected 845 gold pieces.

Inventory:

Hand Weapons
 x - a +2 dagger of venom (weapon)
Armour
 n - a +1 robe of fire resistance (worn)
 v - a +1 cloak (worn)
 I - a +2 hat of see invisible (worn)
 K - a +0 pair of gloves (worn)
Jewellery
 j - a +4 ring of dexterity (left hand)
 u - an uncursed ring of flight
 L - an uncursed ring of ice {unknown}
 N - a ring of positive energy (right hand)
Wands
 y - a wand of polymorph (10)
 D - a wand of paralysis (16)
 E - a wand of clouds (4)
 M - a wand of iceblast (18)
Scrolls
 b - a scroll of immolation {unknown}
 e - 2 scrolls of remove curse
 g - 2 scrolls of silence {unknown}
 h - a scroll of vulnerability {unknown}
 i - 2 scrolls of amnesia
 l - 3 scrolls of teleportation
 q - 4 scrolls of blinking {unknown}
 t - a scroll of enchant armour
 w - 3 scrolls of magic mapping {unknown}
 B - 2 scrolls of enchant weapon {unknown}
 F - a scroll of fog {unknown}
 H - a scroll of brand weapon {unknown}
Potions
 d - 6 potions of lignification
 f - 7 potions of mutation
 k - 2 potions of haste
 m - a potion of magic
 o - a potion of heal wounds
 p - a potion of might
 s - 3 potions of flight
 z - a potion of agility
 A - a potion of berserk rage
 C - 2 potions of brilliance {unknown}
 G - 4 potions of curing
 J - a potion of ambrosia {unknown}
Miscellaneous
 a - a lamp of fire
Comestibles
 c - 36 rations
 r - a chunk of flesh


   Skills:
 + Level 1.0 Fighting
 + Level 6.6 Dodging
 + Level 4.6 Stealth
 + Level 15.9 Spellcasting
 + Level 12.7 Conjurations
 + Level 12.6 Fire Magic
 + Level 1.0 Ice Magic


You had 23 spell levels left.
You knew the following spells:

 Your Spells              Type           Power        Failure   Level  Hunger
a - Flame Tongue          Conj/Fire      #####        0%          1    None
b - Throw Flame           Conj/Fire      ######       0%          2    None
c - Conjure Flame         Conj/Fire      ######..     1%          3    None
d - Sticky Flame          Conj/Fire      ######..     1%          4    None
e - Fireball              Conj/Fire      ######....   1%          5    None
f - Throw Frost           Conj/Ice       ######       1%          2    None
g - Blink                 Tloc           N/A          3%          2    None


Dungeon Overview and Level Annotations

Branches:
Dungeon (10/15)            Temple (1/1) D:6            Lair (3/6) D:10
 Shoals (0/4) Lair:2          Orc (0/2) D:9
  Snake: Lair:2-4    Spider: Lair:2-4

Altars:
Ashenzari
Cheibriados
Dithmenos
Elyvilon
Fedhas
Gozag
Hepliaklqana
Kikubaaqudgha
Makhleb
Nemelex Xobeh
Okawaru
Qazlal
Ru
Sif Muna
Trog
Uskayaw
Vehumet
Wu Jian
Xom
Yredelemnul
Zin
The Shining One
Lugonu

Shops:
D:4 =   D:7 :

Portals:
Trove: D:10 (give +3 gold dragon scales)


Message History

The flame tongue hits the queen ant.
The queen ant appears unharmed.
The queen ant is severely wounded.
You feel very sick.
The queen ant burns!
The queen ant stings you.
* * * LOW HITPOINT WARNING * * *
Casting: Flame Tongue (safe; 0% risk of failure)
Confirm with . or Enter, or press ? or * to list all spells.
Aiming: Flame Tongue (safe; 0% risk of failure)
Press: ? - help, Shift-Dir - straight line, f/p - queen ant
Aim: a queen ant (severely wounded, covered in liquid flames)
The flame tongue hits the queen ant.
The queen ant appears unharmed.
The queen ant is severely wounded.
* * * LOW HITPOINT WARNING * * *
You feel very sick.
The queen ant burns!
The queen ant closely misses you.
You feel better.
The queen ant burns!
The queen ant stings you!
* * * LOW HITPOINT WARNING * * *
You are lethally poisoned!
The queen ant poisons you!
You die...

##.............P.....
##♣...###...........
##.♣P#♣##.....####..
#...♣..######.......
#.[..#.♣♣.#.#.# #.......
#.#####.≈.....# #.......
#...aP.≈≈....###.......
#.#.##..♣≈♣.#...#.......
##@P.P♣#...........
#....♣##..........#
..#P♣..P#...........
#.#..#.♣.###.####.....
.. .###♣ ?# ### ##...#
## .# # ##...# .# #.....
.# ##.... #.....


You could see a queen ant (burning).

Vanquished Creatures
  Gastronok (D:8)
  4 hydras
  Erica (D:10)
  3 two-headed ogres
  A merfolk siren (Lair:2)
  4 spiny frogs
  2 komodo dragons
  A guardian mummy (D:10)
  3 hornets
  A troll (D:10)
  5 hippogriffs
  Sigmund (D:2)
  33 yaks
  2 wyverns
  The ghost of Rein the Chopper, an amateur HOMo (D:3)
  2 hell hounds (D:10)
  6 water moccasins
  7 soldier ants
  2 ice beasts
  6 orc warriors
  12 porcupines
  A sky beast (D:8)
  A swamp drake (D:9)
  2 ogres
  2 phantoms
  A black bear (D:10)
  3 centaurs
  4 crocodiles
  7 bullfrogs
  A wyvern skeleton (D:10)
  2 scorpions
  12 killer bees
  5 wights (D:8)
  An electric eel (Lair:3)
  2 howler monkeys
  2 crimson imps (D:10)
  2 bullfrog skeletons
  6 hounds
  2 jellies
  A centaur skeleton (D:9)
  3 orc priests
  Ijyb (D:4)
  Jessica (D:2)
  4 iguanas
  Terence (D:2)
  Natasha (thrice) (D:2)
  10 orc wizards
  15 worker ants
  2 killer bee zombies
  A hound skeleton (D:8)
  2 worker ant zombies (D:8)
  A howler monkey skeleton (D:8)
  16 adders
  3 gnolls (D:6)
  A shadow imp (D:7)
  An adder zombie (D:9)
  3 worms
  A dart slug (D:2)
  4 leopard geckos
  42 orcs
  6 bats
  4 giant cockroaches
  7 goblins
  9 hobgoblins
  10 jackals
  3 kobolds (D:2)
  7 quokkas
  5 frilled lizards
  2 leopard gecko skeletons
  8 rats
  A fungus (Lair:2)
  2 plants (Lair:3)
334 creatures vanquished.

Notes
Turn   | Place    | Note
-------+----------+-------------------------------------------
     0 | D:1      | nikopol the Deep Elf Fire Elementalist began the quest for the Orb.
     0 | D:1      | Reached XP level 1. HP: 10/10 MP: 6/6
   110 | D:1      | Reached XP level 2. HP: 15/15 MP: 6/8
   712 | D:2      | Noticed Terence
   729 | D:2      | Killed Terence
   729 | D:2      | Reached XP level 3. HP: 18/19 MP: 2/10
   733 | D:2      | Learned a level 2 spell: Throw Flame
   737 | D:2      | Learned a level 3 spell: Conjure Flame
   926 | D:2      | Reached skill level 4 in Spellcasting
  1032 | D:2      | Reached XP level 4. HP: 24/24 MP: 8/12
  1154 | D:2      | Learned a level 4 spell: Sticky Flame
  1197 | D:2      | Noticed Sigmund
  1198 | D:2      | Noticed Jessica
  1212 | D:2      | Killed Sigmund
  1212 | D:2      | Reached skill level 5 in Spellcasting
  1212 | D:2      | Reached skill level 5 in Fire Magic
  1212 | D:2      | Reached XP level 5. HP: 27/28 MP: 0/15
  1212 | D:2      | Reached XP level 6. HP: 31/32 MP: 0/16
  1320 | D:2      | Killed Jessica
  1354 | D:2      | Noticed Natasha
  1362 | D:2      | Killed Natasha
  1445 | D:2      | Noticed Natasha
  1453 | D:2      | Killed Natasha
  1603 | D:2      | Reached skill level 6 in Spellcasting
  1681 | D:2      | Noticed Natasha
  1691 | D:2      | Killed Natasha
  1954 | D:3      | Noticed Rein's ghost (amateur HOMo)
  1967 | D:3      | Killed Rein's ghost
  1967 | D:3      | Reached XP level 7. HP: 36/36 MP: 4/18
  2153 | D:3      | Learned a level 5 spell: Fireball
  2248 | D:3      | Found an ornate altar of the Wu Jian Council.
  2421 | D:3      | Found an iron altar of Okawaru.
  2570 | D:4      | Reached skill level 7 in Spellcasting
  3059 | D:4      | Found a basalt altar of Yredelemnul.
  3218 | D:4      | Found a shimmering altar of Xom.
  3219 | D:4      | Found a hazy altar of Hepliaklqana.
  3220 | D:4      | Noticed a spectral ugly thing
  3272 | D:4      | Found Wuan's Jewellery Emporium.
  3369 | D:4      | Found a white marble altar of Elyvilon.
  3409 | D:5      | Entered Level 5 of the Dungeon
  3525 | D:5      | Noticed Ijyb
  3644 | D:4      | Killed Ijyb
  4459 | D:6      | Noticed a two-headed ogre
  4467 | D:6      | Killed a two-headed ogre
  4467 | D:6      | Reached skill level 8 in Spellcasting
  4467 | D:6      | Reached XP level 8. HP: 41/41 MP: 10/22
  4751 | D:6      | Reached skill level 9 in Spellcasting
  5013 | D:6      | Found a staircase to the Ecumenical Temple.
  5021 | Temple   | Entered the Ecumenical Temple
  5434 | D:6      | Reached XP level 9. HP: 46/46 MP: 7/24
  5887 | D:7      | Found a deep blue altar of Sif Muna.
  5889 | D:7      | Found a bloodstained altar of Trog.
  5891 | D:7      | Found a radiant altar of Vehumet.
  5893 | D:7      | Found a stormy altar of Qazlal.
  5893 | D:7      | Found an iron altar of Okawaru.
  5893 | D:7      | Found an ancient bone altar of Kikubaaqudgha.
  5893 | D:7      | Found a shattered altar of Ashenzari.
  5893 | D:7      | Found a sacrificial altar of Ru.
  5896 | D:7      | Became a worshipper of Vehumet
  5900 | D:7      | Found a glowing golden altar of the Shining One.
  5934 | D:7      | Found Vulaehie's Book Boutique.
  6017 | D:7      | Reached skill level 1 in Fighting
  6573 | D:8      | Reached skill level 10 in Spellcasting
  7089 | D:8      | Noticed Gastronok
  7876 | D:8      | Reached * piety under Vehumet
  7876 | D:8      | Offered knowledge of Freeze by Vehumet.
  7900 | D:8      | Reached skill level 5 in Dodging
  7900 | D:8      | Reached skill level 11 in Spellcasting
  7992 | D:8      | Found a white marble altar of Elyvilon.
  8091 | D:8      | Reached XP level 10. HP: 52/52 MP: 13/27
  8241 | D:8      | Found a sparkling altar of Nemelex Xobeh.
  8242 | D:8      | Found an opulent altar of Gozag.
  8432 | D:8      | Killed Gastronok
  8432 | D:8      | Reached skill level 12 in Spellcasting
  8805 | D:9      | Noticed a two-headed ogre
  9182 | D:8      | Killed a two-headed ogre
  9285 | D:9      | Reached skill level 10 in Fire Magic
  9552 | D:9      | Reached ** piety under Vehumet
  9552 | D:9      | Offered knowledge of Shock by Vehumet.
  9570 | D:9      | Reached skill level 10 in Conjurations
  9818 | D:9      | Reached XP level 11. HP: 56/56 MP: 22/29
 10002 | D:9      | Found a staircase to the Orcish Mines.
 10677 | D:9      | Reached skill level 13 in Spellcasting
 10691 | D:9      | Offered knowledge of Throw Frost by Vehumet.
 10988 | D:10     | Entered Level 10 of the Dungeon
 11003 | D:10     | Found a staircase to the Lair.
 11014 | D:10     | Learned a level 2 spell: Throw Frost
 11047 | D:10     | Noticed a two-headed ogre
 11051 | D:10     | Killed a two-headed ogre
 11421 | D:10     | Found a portal to a secret trove of treasure.
 11479 | D:10     | Reached *** piety under Vehumet
 11668 | D:10     | Noticed Erica
 11673 | D:10     | Killed Erica
 11674 | D:10     | Found an opulent altar of Gozag.
 11776 | D:10     | Reached skill level 1 in Ice Magic
 12226 | Lair:1   | Entered Level 1 of the Lair of Beasts
 12379 | Lair:1   | Learned a level 2 spell: Blink
 12454 | Lair:1   | Noticed a five-headed hydra
 12460 | Lair:1   | Killed a five-headed hydra
 12460 | Lair:1   | Reached skill level 14 in Spellcasting
 12614 | D:10     | Upgraded the game from 0.22-a0-293-gc9362ec to 0.22-a0-299-g43f9854
 12626 | D:10     | Offered knowledge of Iskenderun's Mystic Blast by Vehumet.
 12937 | Lair:1   | Noticed a four-headed hydra
 12942 | Lair:1   | Killed a four-headed hydra
 12942 | Lair:1   | Reached XP level 12. HP: 60/60 MP: 9/32
 14403 | Lair:2   | Reached **** piety under Vehumet
 14522 | Lair:2   | Reached skill level 15 in Spellcasting
 14740 | Lair:2   | Offered knowledge of Stone Arrow by Vehumet.
 15034 | Lair:2   | Found a staircase to the Shoals.
 15563 | Lair:3   | Noticed a five-headed hydra
 15568 | Lair:3   | Killed a five-headed hydra
 15758 | Lair:3   | Noticed a six-headed hydra
 15764 | Lair:3   | Killed a six-headed hydra
 16200 | Lair:3   | Noticed a queen ant
 16597 | Lair:3   | Succumbed to a queen ant's poison

Vault maps used:
D:1:      minmay_arrival_cross, corexii_corridor_pit
D:2:      first_ration, uniq_natasha, uniq_sigmund, uniq_terence, uniq_jessica
D:3:      lemuel_round_altar, kennysheep_okawaru_gauntlet
D:4:      regret_index_temple_of_mockery, kennysheep_ying_yang, serial_shops,
          kennysheep_mini_moat
D:5:      small_statue_intersection, uniq_ijyb
D:6:      temple_statues
D:7:      minitemple, serial_shops, shop
D:8:      grunt_temple_overflow_opulence, basic_altar, uniq_gastronok
D:9:      erik_orc_1, hangedman_pestilent_swarm
D:10:     minmay_lair_entry_lava, nicolae_trove_entry_path_of_doom,
          hangedman_decor_slide_cut, solitary_fountain, nrook_mini_vaults,
          st_stairs_6, nicolae_gozag_seed_capital, uniq_erica
Temple:   corrupted_temple
Lair:2:   minmay_shoals_entry_lonely_mermaid, lemuel_fruit_tree
Lair:3:   grunt_forest_small_clearings, wad_woods_antlair

Skill      XL: |  1  2  3  4  5  6  7  8  9 10 11 12 |
---------------+-------------------------------------+-----
Fire Magic     | 4 5 7 8 10 11 12 | 12.6
Spellcasting   | 4 5 6 8 9 11 12 14 15 | 15.9
Stealth        | 3 4 |  4.6
Conjurations   | 2 3 6 8 10 11 12 | 12.7
Dodging        | 3 4 5 6 |  6.6
Fighting       | 1 |  1.0
Ice Magic      | 1 |  1.0

Action                   |  1- 3 |  4- 6 |  7- 9 | 10-12 || total
-------------------------+-------+-------+-------+-------++-------
Melee: Unarmed           |       |     1 |       |       ||     1
       Dagger            |       |       |    16 |     2 ||    18
 Cast: Flame Tongue      |    47 |    66 |   247 |   340 ||   700
       Sticky Flame      |       |     2 |    15 |    67 ||    84
       Conjure Flame     |       |     2 |    11 |    13 ||    26
       Throw Flame       |       |     3 |    38 |    55 ||    96
       Fireball          |       |       |    12 |    69 ||    81
       Throw Frost       |       |       |       |     9 ||     9
  Use: Scroll            |       |       |     2 |    17 ||    19
       Potion            |       |       |       |     3 ||     3
  Eat: Chunk             |       |     3 |    21 |    27 ||    51
       Ration            |       |       |       |     1 ||     1
Armor: Robe              |     3 |     4 |    39 |    12 ||    58
Dodge: Dodged            |     8 |    24 |    85 |    94 ||   211

Table legend:
 A = Spawn XP
 B = Non-spawn XP
 C = Spawn XP percentage of total XP
 D = Spawn monster count
 E = Non-spawn monster count
 F = Spawn count percentage of total count
 G = Total turns spent on level
                    A         B        C        D         E        F      G
               +---------+---------+-------+---------+---------+-------+---------
         Total |       0 |   34242 |   0.0 |       0 |     331 |   0.0 | 16597
               +---------+---------+-------+---------+---------+-------+---------
           D:1 |       0 |      29 |   0.0 |       0 |      17 |   0.0 |   758
           D:2 |       0 |     515 |   0.0 |       0 |      31 |   0.0 |   970
           D:3 |       0 |     233 |   0.0 |       0 |      12 |   0.0 |   896
           D:4 |       0 |     354 |   0.0 |       0 |      20 |   0.0 |  1033
           D:5 |       0 |     258 |   0.0 |       0 |      17 |   0.0 |   737
           D:6 |       0 |    1424 |   0.0 |       0 |      22 |   0.0 |  1265
           D:7 |       0 |     233 |   0.0 |       0 |      10 |   0.0 |   786
           D:8 |       0 |    6223 |   0.0 |       0 |      51 |   0.0 |  2753
           D:9 |       0 |    4518 |   0.0 |       0 |      50 |   0.0 |  1738
          D:10 |       0 |    4883 |   0.0 |       0 |      31 |   0.0 |  1669
        Lair:1 |       0 |    4357 |   0.0 |       0 |      16 |   0.0 |  1527
        Lair:2 |       0 |    5618 |   0.0 |       0 |      26 |   0.0 |  1238
        Lair:3 |       0 |    5597 |   0.0 |       0 |      28 |   0.0 |  1175
               +---------+---------+-------+---------+---------+-------+---------
